 Dungeon Crawl Stone Soup version 0.30.1-3-gfc49f6343a (webtiles) character file.

Game seed: 15031162153032889109

97 jtron the Cudgeller (level 4, -3/37 HPs)
             Began as a Demigod Wanderer on Aug 7, 2023.
             Slain by a cerulean imp
             ... wielding a +0 spear
             ... summoned by Natasha
              (5 damage)
             ... on level 2 of the Dungeon.
             The game lasted 00:04:20 (2014 turns).

jtron the Cudgeller (Demigod Wanderer)              Turns: 2014, Time: 00:04:21

Health: -3/37      AC:  3    Str: 18    XL:     4   Next: 19%
Magic:  4/8        EV: 11    Int: 12    God:
Gold:   90         SH:  0    Dex: 14    Spells: 4/5 levels left

rFire   . . .        a - +1 flail
rCold   . . .        (no shield)
rNeg    . . .        c - +0 leather armour
rPois   .            (no helmet)
rElec   .            (no cloak)
rCorr   .            (no gloves)
SInv    .            (no boots)
Will    .....        (no amulet)
Stlth   +            (no ring)
HPRegen 0.26/turn    (no ring)
MPRegen 0.11/turn

%: no passive effects
@: attractive, slowed, very slow
A: high MP 1, forlorn, divine attributes
a: no special abilities


You were on level 2 of the Dungeon.
You visited 1 branch of the dungeon, and saw 2 of its levels.

You collected 138 gold pieces.
You spent 48 gold pieces at shops.

Inventory:

Hand Weapons
 a - a +1 flail (weapon)
Missiles
 d - 18 stones
Armour
 c - a +0 leather armour (worn)
Scrolls
 b - 2 scrolls of fog
 g - a scroll of teleportation
 l - a scroll of noise
 o - a scroll of vulnerability {unknown}
Potions
 f - a potion of haste
 h - a potion of curing {unknown}
 i - a potion of experience {unknown}
 j - a potion of degeneration
 k - a potion of attraction
 m - a potion of berserk rage {unknown}
 n - a potion of magic {unknown}


   Skills:
 + Level 2.9 Fighting
 * Level 4.3 Maces & Flails
 + Level 0.8 Armour
 + Level 0.6 Dodging
 + Level 0.1 Stealth
 + Level 1.2 Spellcasting
 * Level 1.1 Transmutations
 + Level 2.3 Poison Magic


You had 4 spell levels left.
You knew the following spells:

 Your Spells              Type           Power      Damage    Failure   Level
a - Sting                 Tmut/Pois      16%        1d3       17%         1

Your spell library contained the following spells:

 Spells                   Type           Power      Damage    Failure   Level
 Spider Form              Tmut/Pois      4%         N/A       45%         3


Dungeon Overview and Level Annotations

Branches:
Dungeon (2/15)

Shops:
D:1 *

Annotations:
D:2 Natasha


Innate Abilities, Weirdness & Mutations

You have an increased reservoir of magic. (+10% MP)
You shall have no god before yourself.
Your divine heritage dramatically boosts your attributes as you level up.


Message History

The sting hits the quokka.
The quokka is poisoned.
The quokka is moderately wounded.
Natasha misses you. The quokka bites you.
The cerulean imp hits you from afar with a +2 spear!
The cerulean imp barely misses you. The quokka attacks as you move away!
The quokka bites you.
Natasha mumbles some strange words.
The quokka bites you but does no damage.
The quokka attacks as you move away! The quokka bites you.
Natasha looks more healthy.
The cerulean imp hits you from afar with a +0 spear.
Natasha attacks as you move away! Natasha closely misses you.
Found a cyan potion.
You kill the quokka!
Natasha mewls in sadness.
It was a potion of attraction.
You feel attractive to monsters. Natasha claws you.
The cerulean imp barely misses you. x2
The cerulean imp is attracted toward you. x2
The cerulean imp hits you with a +0 spear.
The cerulean imp closely misses you.
As you read the scroll labelled PUB ZEFASIH, it crumbles to dust.
The creatures around you are filled with an inner flame!
It was a scroll of immolation.
Natasha barely misses you. The cerulean imp barely misses you.
The cerulean imp hits you from afar with a +2 spear.
* * * LOW HITPOINT WARNING * * *
Natasha attacks as you move away! Natasha claws you.
* * * LOW HITPOINT WARNING * * *
Natasha casts a spell at you.
You feel yourself slow down.
The cerulean imp hits you from afar with a +0 spear.
* * * LOW HITPOINT WARNING * * *
The cerulean imp is attracted toward you. x2
You closely miss the cerulean imp.
Natasha mewls in sadness.
The cerulean imp hits you but does no damage.
Natasha closely misses you.
The cerulean imp hits you with a +0 spear.
You die...

#.# #.........#...+...#
#.# #.........#...#..##
#.# ..
#....####.#...#..## #.#
... #................##
#.#
....###.†..###.........##
#.# !.......§..#
#..........# #.#
........5..# #....''.....
#.# .......h.###
#....##..... #.#
.......5@#####....##.....
#.#
........................#
#.#
.........##....###......#
#.#
...............###...####
#.#
......................###
#.#
.........................
#.#
.........................
#.#
.........................
#.#
...........###.##########


You could see Natasha (inner flame) and 2 cerulean imps.

Vanquished Creatures
  5 adders (D:2)
  A gnoll (D:1)
  A worm (D:2)
  3 endoplasms
  2 giant cockroaches
  2 goblins
  2 hobgoblins
  4 kobolds
  5 quokkas
  4 ball pythons
  2 bats (D:2)
  5 frilled lizards
  6 rats
42 creatures vanquished.

Notes
Turn   | Place    | Note
-------+----------+-------------------------------------------
     0 | D:1      | jtron the Demigod Wanderer began the quest for the Orb.
     0 | D:1      | jtron set off with the following items: a +1 flail, a
                  | scroll of fog, a +0 leather armour; and the following spell
                  | memorised: Sting; and the following spells available to
                  | memorise: Spider Form.
     0 | D:1      | Reached XP level 1. HP: 18/18 MP: 4/4
   375 | D:1      | Reached XP level 2. HP: 23/25 MP: 5/5
   500 | D:1      | Reached skill level 4 in Maces & Flails
   781 | D:1      | Found Egeisett's General Store.
   792 | D:1      | Bought a potion of degeneration for 12 gold pieces
   792 | D:1      | Bought a scroll of identify for 24 gold pieces
   792 | D:1      | Bought a scroll of noise for 12 gold pieces
  1031 | D:2      | Reached XP level 3. HP: 18/30 MP: 7/7
  1345 | D:2      | Reached skill level 1 in Transmutations
  1629 | D:2      | Reached XP level 4. HP: 37/37 MP: 8/8
  1997 | D:2      | Noticed Natasha
  2013 | D:2      | HP: 1/37 [cerulean imp/+0 spear[Natasha] (2)]
  2014 | D:2      | Slain by a cerulean imp

Illustrated notes

Levels and vault maps discovered:
D:1:      psy_arrival_radial02, layout_basic, serial_shops,
          nicolae_shop_pleasant_corner_grove
D:2:      layout_basic, nicolae_ecumenical_lake_church, minmay_box_of_dots,
          uniq_natasha

Skill      XL: |  1  2  3 |
---------------+----------+-----
Poison Magic   | 2 |  2.3
Maces & Flails | 4 |  4.3
Transmutations | 1 |  1.1
Fighting       | |  2.9
Armour         | |  0.8
Dodging        | |  0.6
Stealth        | |  0.1
Spellcasting   | |  1.2

Action                     |  1- 3 |  4- 6 || total
---------------------------+-------+-------++-------
  Melee: Flail             |    93 |     9 ||   102
         Punch             |     2 |     1 ||     3
   Cast: Sting             |    21 |    10 ||    31
    Use: Scroll            |     2 |     1 ||     3
         Potion            |       |     1 ||     1
   Stab: Sleeping          |     1 |       ||     1
 Armour: Leather armour    |    38 |     5 ||    43
  Dodge: Dodged            |    69 |    18 ||    87
